 Dungeon Crawl Stone Soup version 0.28.0 (webtiles) character file.

Game seed: 9737860599533695981

39 enile the Digger (level 3, -2/28 HPs)
             Began as a Formicid Earth Elementalist on Feb 16, 2022.
             Was an Initiate of Trog (penitent).
             Slain by a hound (4 damage)
             ... on level 2 of the Dungeon.
             The game lasted 00:01:39 (2645 turns).

enile the Digger (Formicid Earth Elementalist)      Turns: 2645, Time: 00:01:40

Health: -2/28      AC:  2    Str: 12    XL:     3   Next: 70%
Magic:  5/6        EV: 12    Int: 16    God:    Trog [......]
Gold:   71         SH:  0    Dex: 11    Spells: 5/6 levels left

rFire   . . .      SeeInvis +   (no weapon)
rCold   . . .      Faith    .   (no shield)
rNeg    . . .      Spirit   .   b - +0 robe
rPois   .          Reflect  .   (helmet unavailable)
rElec   .          Harm     .   (no cloak)
rCorr   .          Rampage  .   (no gloves)
Will    .....                   (no boots)
Stlth   ++........              (no amulet)
HPRegen 0.09/turn               (no ring)
MPRegen 0.10/turn               (no ring)

@: no status effects
A: permanent stasis, dig shafts and tunnels, antennae 3, four strong arms
a: Dig, Shaft Self, Renounce Religion


You were on level 2 of the Dungeon.
You worshipped Trog.
Trog was demanding penance.
You visited 1 branch of the dungeon, and saw 3 of its levels.

You collected 71 gold pieces.

Inventory:

Missiles
 c - 72 stones
Armour
 b - a +0 robe (worn)
Scrolls
 a - a scroll of fog {unknown}
 d - a scroll of silence {unknown}
 f - 2 scrolls of identify {unknown}
 h - a scroll of blinking {unknown}
 i - a scroll of acquirement {unknown}
Potions
 e - 2 potions of brilliance {unknown}
 g - 2 potions of ambrosia {unknown}
 j - a potion of cancellation {unknown}


   Skills:
 + Level 2.7 Fighting
 - Level 1.9 Dodging
 - Level 2.6 Stealth
 - Level 2.3 Spellcasting
 - Level 1.3 Transmutations
 - Level 3.7 Earth Magic


You had 5 spell levels left.
You knew the following spells:

 Your Spells              Type           Power      Damage    Failure   Level
a - Sandblast             Erth           26%        2d8       4%          1

Your spell library contained the following spells:

 Spells                   Type           Power      Damage    Failure   Level
 Passwall                 Tmut/Erth      7%         N/A       11%         2
 Stone Arrow              Conj/Erth      14%        3d7       28%         3
 Petrify                  Tmut/Erth      9%         N/A       56%         4


Dungeon Overview and Level Annotations

Branches:
Dungeon (3/15)

Altars:
Trog


Innate Abilities, Weirdness & Mutations

You cannot be hasted, slowed, berserked, paralysed or teleported.
You can dig through walls and to a lower floor.
You have a pair of large antennae on your head. (SInv)
Your four strong arms can wield two-handed weapons with a shield.


Message History

Casting this spell will place you under penance.
Really cast? [Y]es or [N]o only, please.
Casting this spell will place you under penance.
Really cast? [Y]es or [N]o only, please.
Casting this spell will place you under penance.
Really cast?
Aiming: Sandblast (safe; 4% risk of failure)
Press: ? - help, Shift-Dir - straight line, f - hound
Aim: a hound (lightly wounded, 71% to hit)
The blast of sand hits the hound.
The hound is moderately wounded.
You feel guilty. "You will pay for your transgression, mortal!"
The hound barely misses you.
A rat comes into view.
Casting: Sandblast (safe; 4% risk of failure)
Confirm with . or Enter, or press ? or * to list all spells.
Casting this spell will place you under penance.
Really cast? [Y]es or [N]o only, please.
Casting this spell will place you under penance.
Really cast?
Aiming: Sandblast (safe; 4% risk of failure)
Press: ? - help, Shift-Dir - straight line, f/p - hound
Aim: a hound (moderately wounded, 71% to hit)
The blast of sand misses the hound.
You feel guilty. "You will pay for your transgression, mortal!"
The hound barely misses you. The hound completely misses you.
The hound bites you.
You climb upwards.
There is a stone staircase leading down here.
You barely miss the hound.
The hound is moderately wounded.
The hound bites you. The hound bites you but does no damage.
The hound bites you.
* * * LOW HITPOINT WARNING * * *
The hound bites you.
* * * LOW HITPOINT WARNING * * *
The hound closely misses you. The hound closely misses you.
The hound barely misses you. The hound bites you.
You die...

......#.......#.## #.#######
......#.......#.#########.>......
......#..###..#.#...........#####
......#..#_'..#....######...#
'####.#..###..#....###..#...# .#
#.#.......#....+........# .##
#.#.......#....####.#..## ..#
#.####'####.h..+.......# ..#
#...........@..#######.# ..#
########.......#.......# ..#
#.......#.####### ### #......<#.#
# #.......#.# # #.......#.# #
#.......#.# # #########.# #
###'############


You could see a hound.

Vanquished Creatures
  An adder (D:2)
  A dart slug (D:1)
  3 bats
  2 endoplasms
  3 goblins
  5 hobgoblins
  4 jackals (D:1)
  2 ball pythons (D:1)
  2 frilled lizards
  2 rats
25 creatures vanquished.

Notes
Turn   | Place    | Note
-------+----------+-------------------------------------------
     0 | D:1      | enile the Formicid Earth Elementalist began the quest for
                  | the Orb.
     0 | D:1      | Reached XP level 1. HP: 13/13 MP: 3/3
   356 | D:1      | Reached XP level 2. HP: 13/19 MP: 3/5
   363 | D:1      | Reached skill level 1 in Fighting
   725 | D:1      | Reached XP level 3. HP: 20/27 MP: 4/6
  1560 | D:2      | Found a faded altar of an unknown god.
  1705 | D:2      | Prayed at the altar of an unknown god.
  1705 | D:2      | Became a worshipper of Trog the Wrathful
  1705 | D:2      | Reached * piety under Trog
  2204 | D:2      | Was placed under penance by Trog
  2645 | D:2      | Slain by a hound

Illustrated notes

Levels and vault maps discovered:
D:1:      evilmike_arrival_rings, layout_rooms
D:2:      layout_basic, hellmonk_ecumenical_altar_inner_sanctum
D:3:      layout_rooms, okawaru_altar_gauntlet_db, minmay_misc_feat_ornament

Skill      XL: |  1  2  3 |
---------------+----------+-----
Fighting       | 1 2 |  2.7
Dodging        | |  1.9
Stealth        | |  2.6
Spellcasting   | |  2.3
Transmutations | |  1.3
Earth Magic    | |  3.7

Action                   || total
-------------------------++-------
Melee: Unarmed           ||    72
       Punch             ||     1
 Cast: Sandblast         ||    27
 Stab: Sleeping          ||     2
Armor: Robe              ||    23
Dodge: Dodged            ||    56
